 Dungeon Crawl Stone Soup version 0.28-a0-199-g298df9dbad (webtiles) character file.

Game seed: 12365765617667511101

844 tilp the Covert (level 7, 32/32 HPs)
             Began as a Felid Hedge Wizard on Aug 18, 2021.
             Was a Priest of Makhleb.
             Quit the game on level 9 of the Dungeon on Aug 19, 2021.
             The game lasted 00:36:09 (16704 turns).

tilp the Covert (Felid Hedge Wizard)               Turns: 16704, Time: 00:36:10

Health: 32/32      AC:  6    Str: 12    XL:     7   Next: 68%
Magic:  14/14      EV: 19    Int: 19    God:    Makhleb [***...]
Gold:   224        SH:  0    Dex: 15    Spells: 9/14 levels left
                                        Lives:  0   Deaths: 2

rFire   . . .      SeeInvis +     - Unarmed
rCold   . . .      Faith    .   (shield unavailable)
rNeg    . . .      Spirit   .   (armour unavailable)
rPois   .          Reflect  .   (helmet unavailable)
rElec   .          Harm     .   (cloak unavailable)
rCorr   .          Rampage  .   (gloves unavailable)
Will    +....                   (boots unavailable)
Stlth   ++++......              q - amulet of regeneration
HPRegen 1.10/turn               d - +6 ring of strength
MPRegen 0.14/turn               u - +4 ring of protection

@: quick
A: very small, claws 1, fangs 3, see invisible, speed 1, shaggy fur 2, stealthy
paws, no weapons or thrown items, no armour, multi-lived
a: Renounce Religion, Minor Destruction, Lesser Servant of Makhleb


You were on level 9 of the Dungeon.
You worshipped Makhleb.
Makhleb was most pleased with you.
You visited 1 branch of the dungeon, and saw 9 of its levels.
You also visited: Ossuary.

You collected 708 gold pieces.
You spent 484 gold pieces at shops.

Inventory:

Jewellery
 a - the brooch of Shielding {Spirit SH+8}
   (You acquired it on level 5 of the Dungeon)

   [amulet of guardian spirit]

   It causes incoming damage to be divided between your reserves of health and
   magic.
   SH:        It affects your SH (+8).
 d - a +6 ring of strength (left paw)
 f - an amulet of magic regeneration
 p - a ring of ice
 q - an amulet of regeneration (around neck)
 u - a +4 ring of protection (right paw)
 v - a ring of resist corrosion
 x - a ring of protection from cold
Wands
 i - a wand of flame (44)
 j - a wand of polymorph (14)
 A - a wand of paralysis (2)
 D - a wand of mindburst (6)
Scrolls
 k - a scroll of blinking
 m - 3 scrolls of amnesia
 n - 2 scrolls of immolation
 o - a scroll of vulnerability
 r - 2 scrolls of teleportation
 C - a scroll of fear {unknown}
 E - a scroll of magic mapping
 F - a scroll of identify
Potions
 b - 3 potions of curing
 c - a potion of mutation
 e - a potion of invisibility
 g - 4 potions of heal wounds
 h - a potion of berserk rage
 l - 2 potions of lignification
 s - 3 potions of flight
 t - 2 potions of brilliance
 w - 3 potions of ambrosia {unknown}
 z - a potion of haste {unknown}
 B - a potion of might {unknown}
Miscellaneous
 y - a box of beasts (inert)


   Skills:
 - Level 4.0 Fighting
 - Level 6.0 Dodging
 - Level 8.0 Stealth
 - Level 4.0 Unarmed Combat
 - Level 4.0 Spellcasting
 + Level 4.6 Conjurations
 + Level 3.2 Summonings
 - Level 4.0 Translocations
 + Level 5.5 Invocations
 - Level 4.0 Evocations


You had 9 spell levels left.
You knew the following spells:

 Your Spells              Type           Power      Damage    Failure   Level
a - Magic Dart            Conj           84%        1d7       1%          1
b - Call Imp              Summ           16%        N/A       5%          2
c - Blink                 Tloc           N/A        N/A       4%          2

Your spell library contained the following spells:

 Spells                   Type           Power      Damage    Failure   Level
 Apportation              Tloc           38%        N/A       2%          1
 Summon Small Mammal      Summ           64%        N/A       3%          1
 Animate Skeleton         Necr           6%         N/A       14%         1
 Beastly Appendage        Tmut           6%         N/A       14%         1
 Corona                   Hex            3%         N/A       14%         1
 Pain                     Necr           12%        1d4       14%         1
 Conjure Flame            Conj/Fire      12%        6-21      16%         3
 Slow                     Hex            3%         N/A       21%         2
 Wereblood                Tmut           3%         N/A       21%         2
 Mephitic Cloud           Conj/Pois/Air  9%         N/A       22%         3
 Ignite Poison            Fire/Tmut/Pois 3%         N/A       38%         3
 Spider Form              Tmut/Pois      1%         N/A       38%         3
 Bolt of Magma            Conj/Fire/Erth 4%         4d5       90%         5
 Agony                    Necr           3%         N/A       98%         5
 Shadow Creatures         Summ           N/A        N/A       99%         6
 Borgnjor's Revivificati  Necr           1%         N/A       100%        8
 Necromutation            Tmut/Necr      1%         N/A       100%        8
 Death's Door             Necr           1%         N/A       100%        9
 Dragon's Call            Summ           8%         N/A       100%        9
 Excruciating Wounds      Necr           Unusable   N/A       N/A         5

Dungeon Overview and Level Annotations

Branches:
Dungeon (9/15)             Temple (0/1) D:4         Ossuary (visited)
   Lair: D:8-11         Orc: D:9-12

Altars:
Fedhas
Makhleb
Okawaru
Zin

Shops:
D:1 [   D:5 *

Annotations:
D:3 Grinder
D:4 ice beast trapped on S side, exclusion: door
D:7 3 runed translucent doors, senseless's ghost, novice DrBe
D:8 Erica


Innate Abilities, Weirdness & Mutations

You have sharp claws.
You have razor-sharp teeth.
You have supernaturally acute eyesight. (SInv)
You cover ground quickly. (Speed+)
You are covered in thick fur. (AC +2)
Your paws help you pounce on unaware monsters.
You are incapable of wielding weapons or throwing items.
You cannot wear armour.
You gain extra lives every three experience levels.


Message History

You scratch the hornet.
The hornet is severely wounded.
The hornet misses you.
Your crimson imp hits the hornet.
You scratch the hornet.
The hornet is almost dead.
The hornet stings you.
You feel yourself slow down.
Your crimson imp hits the hornet.
The hornet misses you.
You scratch the hornet but do no damage.
The hornet is almost dead.
You feel yourself speed up. The hornet stings you!
You suddenly lose the ability to move!
Your crimson imp hits the hornet but does no damage.
The hornet stings you.
You are poisoned.
You feel yourself slow down.
You feel very sick.
Your crimson imp hits the hornet but does no damage.
The hornet stings you.
You feel as though you will be slow longer.
You can move again.
Unknown command.
Unknown command.
You closely miss the hornet.
The hornet is almost dead.
You feel sick. The hornet stings you!
* * * LOW HITPOINT WARNING * * *
You feel as though you will be slow longer.
Your crimson imp closely misses the hornet.
The hornet stings you!
You die...
You feel as though you will be slow longer.
Your crimson imp barely misses the hornet.
The hornet closely misses you.
You are now level 7!
You rejoin the land of the living...
Found a scroll of identify.
Unknown command.
Unknown command.
F - a scroll of identify Are you sure you want to abandon this character and quit the game? (Confirm with "yes".)

...#........
...#.........
...'.(....... .#
...#........ .#
...######'##### .#####
...............###......
....<...................
........................
######o'###.....@.......
.o........####...#######
.............#...#
.............#...#
.......o.....#...#
.....o.......#...#
.............#...#
##############...#
........#


There were no monsters in sight!

Vanquished Creatures
  Maggie (D:8)
  A steam dragon (D:8)
  A water moccasin (D:8)
  A sky beast (D:6)
  3 centaurs
  A kobold brigand (D:8)
  2 bullfrogs
  A wyvern zombie (D:7)
  A scorpion (D:6)
  A water moccasin skeleton (D:7)
  A howler monkey (D:7)
  2 human zombies (Ossuary)
  2 jellies
  A hound (D:6)
  5 orc wizards
  A killer bee zombie (D:8)
  A hound zombie (Ossuary)
  3 hound skeletons
  3 mummies
  2 howler monkey zombies
  3 adders
  2 worms
  4 adder zombies (Ossuary)
  3 dart slugs
  18 orcs
  3 ball pythons
  8 endoplasms
  2 giant cockroaches
  A gnoll zombie (Ossuary)
  A hobgoblin (D:3)
  8 jackals
  13 kobolds
  2 quokkas
  5 bats
  3 frilled lizards
  4 goblins
  4 goblin zombies (Ossuary)
  6 hobgoblin zombies (Ossuary)
  3 jackal zombies (Ossuary)
  2 kobold zombies (Ossuary)
  An orc zombie (Ossuary)
  A quokka skeleton (D:4)
  3 rats
  A rat zombie (Ossuary)
135 creatures vanquished.

Vanquished Creatures (collateral kills)
  Maurice (D:8)
  A wyvern (D:8)
  A water moccasin (D:7)
  A sky beast (D:6)
  A black bear (D:6)
  An ogre (D:5)
  A phantom (D:6)
  A kobold brigand (D:7)
  3 elf zombies (Ossuary)
  4 scorpions
  A howler monkey (D:6)
  2 centaur zombies
  2 human zombies (Ossuary)
  A jelly (D:6)
  3 orc priests (D:7)
  Jessica (D:3)
  3 iguanas
  6 orc wizards
  A hound skeleton (D:4)
  A mummy (Ossuary)
  4 adders
  An adder skeleton (D:4)
  2 worms
  A dart slug (D:3)
  10 orcs
  A ball python (D:4)
  An endoplasm (D:3)
  A gnoll zombie (Ossuary)
  2 jackals (D:4)
  A quokka (D:3)
  2 kobold zombies (Ossuary)
  An orc zombie (Ossuary)
  A quokka zombie (Ossuary)
64 creatures vanquished.

Vanquished Creatures (others)
  7 plants (D:9)
  5 toadstools (D:5)
12 creatures vanquished.

Grand Total: 211 creatures vanquished

Notes
Turn   | Place    | Note
-------+----------+-------------------------------------------
     0 | D:1      | tilp the Felid Hedge Wizard began the quest for the Orb.
     0 | D:1      | Reached XP level 1. HP: 7/7 MP: 5/5
    24 | D:1      | Reached skill level 1 in Conjurations
   406 | D:1      | Found a faded altar of an unknown god.
   458 | D:1      | Reached skill level 1 in Unarmed Combat
   462 | D:1      | Reached XP level 2. HP: 11/11 MP: 0/7
   465 | D:1      | Learned a level 2 spell: Call Imp
   468 | D:1      | Learned a level 2 spell: Blink
   625 | D:1      | Found Xomarchaloi's Armour Shop.
  1723 | D:2      | Reached XP level 3. HP: 14/14 MP: 1/8
  2253 | D:2      | Found a burning altar of Makhleb.
  2260 | D:2      | Became a worshipper of Makhleb the Destroyer
  2468 | D:2      | Reached skill level 3 in Stealth
  3018 | D:3      | Noticed Grinder
  3297 | D:3      | Reached skill level 1 in Fighting
  3297 | D:3      | Reached XP level 4. HP: 15/19 MP: 6/9
  3595 | D:3      | Found an iron altar of Okawaru.
  3921 | D:3      | Noticed Jessica
  3942 | D:3      | Killed Jessica
  4544 | D:4      | Reached skill level 4 in Stealth
  4591 | D:4      | Reached * piety under Makhleb
  4592 | D:4      | Reached XP level 5. HP: 8/22 MP: 6/10
  5216 | D:4      | Found a staircase to the Ecumenical Temple.
  5250 | D:4      | Noticed an ice beast
  5769 | D:4      | Reached skill level 1 in Invocations
  5941 | D:4      | Found a glowing silver altar of Zin.
  6431 | D:5      | Entered Level 5 of the Dungeon
  6458 | D:5      | Noticed an ogre
  7000 | D:5      | Gained mutation: You are covered in thick fur. (AC +2)
                  | [Felid growth]
  7000 | D:5      | Reached XP level 6. HP: 26/26 MP: 4/11
  7039 | D:5      | Found Yhoryuto's General Store.
  7048 | D:5      | Bought a potion of degeneration for 11 gold pieces
  7048 | D:5      | Bought a scroll of teleportation for 33 gold pieces
  7245 | D:5      | Identified a scroll of acquirement
  7245 | D:5      | Acquired the brooch of Shielding {Spirit SH+8}
  7245 | D:5      | Found the brooch of Shielding {Spirit SH+8}
  7394 | D:6      | Noticed a sky beast
  7499 | D:6      | Noticed an acid dragon
  7612 | D:6      | Found a sand-covered staircase.
  7618 | Ossuary  | Entered an ossuary
  8320 | Ossuary  | Reached XP level 7. HP: 30/30 MP: 7/12
  8365 | Ossuary  | Reached ** piety under Makhleb
  8654 | Ossuary  | Reached skill level 1 in Evocations
 10538 | D:6      | Reached skill level 5 in Dodging
 10538 | D:6      | Reached skill level 5 in Stealth
 10648 | D:6      | Reached XP level 8. HP: 25/34 MP: 4/13
 11877 | D:7      | Identified the +4 scale mail of Johin {rCorr}
 12381 | D:7      | Found a runed translucent gate.
 12381 | D:7      | Found a runed translucent gate.
 12381 | D:7      | Found a runed translucent gate.
 12810 | D:7      | Noticed senseless's ghost (novice DrBe)
 13675 | D:7      | Got the Disquisition on the Entourage
 14378 | D:8      | Reached skill level 6 in Stealth
 14522 | D:8      | Noticed Erica
 14622 | D:8      | Reached skill level 7 in Stealth
 14661 | D:8      | Reached *** piety under Makhleb
 14752 | D:8      | Noticed Maurice
 14941 | D:5      | Bought a box of beasts for 440 gold pieces
 14991 | D:6      | Reached skill level 8 in Stealth
 15136 | D:8      | Noticed Maggie
 15307 | D:8      | Killed Maurice
 15308 | D:8      | Reached XP level 9. HP: 39/39 MP: 8/15
 15482 | D:8      | Found a blossoming altar of Fedhas.
 15790 | D:8      | Killed Maggie
 15791 | D:8      | Reached skill level 5 in Invocations
 16173 | D:9      | Killed from afar by a ynoxinul
 16174 | D:9      | Reached XP level 8. HP: -4/36 MP: 8/15
 16174 | D:9      | Upgraded the game from 0.28-a0-194-g42b4daccc1 to
                  | 0.28-a0-199-g298df9dbad
 16679 | D:9      | Noticed a hornet
 16691 | D:9      | Paralysed by a hornet for 2 turns
 16693 | D:9      | Slain by a hornet
 16694 | D:9      | Reached XP level 7. HP: -4/32 MP: 7/14
 16704 | D:9      | Quit the game

Illustrated notes

Levels and vault maps discovered:
D:1:      tarquinn_simple_flora_water_a, layout_loops_ring,
          shapermc_ecumenical_altar_petra, serial_shops,
          nicolae_shop_statue_plus, st_stairs_14, minivault_5
D:2:      layout_basic, basic_altar
D:3:      layout_basic, lemuel_doored_altar, uniq_jessica, uniq_grinder
D:4:      layout_basic, mainiacjoe_overflow_24_doors,
          minmay_temple_entry_poolview, kennysheep_small_circle
D:5:      layout_rooms, serial_shops,
          nicolae_shop_temple_entry_statues_fountains, minmay_gold_behind_fungi,
          nrook_uturn, nrook_campfire
D:6:      layout_loops_corners, gup_ossuary_entry_pyramid, minivault_10
D:7:      layout_basic, ebering_ghost_rock_garden
D:8:      layout_loops_ring, kennysheep_mini, supply_closet_lemuel,
          kennysheep_pointless_box, uniq_maggie, uniq_maurice, uniq_erica
D:9:      layout_irregular_city, david_lair_shrubbed, chequers_avenue

Skill      XL: |  1  2  3  4  5  6  7  8  9 |
---------------+----------------------------+-----
Conjurations   | 1 2 4 |  4.6
Unarmed Combat | 1 2 3 4 |  4.0
Stealth        | 3 4 5 8 |  8.0
Dodging        | 3 4 5 6 |  6.0
Fighting       | 1 2 4 |  4.0
Translocations | 3 4 |  4.0
Invocations    | 2 4 5 |  5.5
Summonings     | 2 3 |  3.2
Evocations     | 3 4 |  4.0
Spellcasting   | 4 |  4.0

Action                   |  1- 3 |  4- 6 |  7- 9 || total
-------------------------+-------+-------+-------++-------
Melee: Unarmed           |    33 |    84 |   330 ||   447
       Bite              |     9 |     9 |    27 ||    45
       Punch             |     1 |     2 |     4 ||     7
 Cast: Magic Dart        |    85 |    96 |    53 ||   234
       Call Imp          |    12 |    78 |   188 ||   278
Invok: Minor Destruction |       |       |     1 ||     1
       Lesser Servant of |       |       |     3 ||     3
Evoke: Wand              |       |     1 |    15 ||    16
       Box of beasts     |       |       |     1 ||     1
  Use: Scroll            |     5 |    10 |     6 ||    21
       Potion            |       |       |     3 ||     3
 Stab: Sleeping          |       |     6 |    19 ||    25
       Distracted        |       |     3 |     5 ||     8
       Paralysed         |       |       |     3 ||     3
Armor: Skin              |     2 |     2 |    46 ||    50
Dodge: Dodged            |    24 |    94 |   243 ||   361
Block: Other             |       |     3 |     9 ||    12

Table legend: (Time is in decaauts)
 A = Elapsed time spent in this place.
 B = Non-inter-level travel time spent in this place.
 C = Inter-level travel time spent in this place.
 D = Time resting spent in this place.
 E = Time spent auto-exploring this place.
 F = Levels seen in this place.
 G = Mean time per level.
                   A        B        C        D        E       F      G
               +--------+--------+--------+--------+--------+-----+--------+
         Total |  15149 |  14262 |    887 |   5827 |   5727 |  10 | 1514.9 |
       Dungeon |  13008 |  12121 |    887 |   4286 |   5658 |   9 | 1445.3 |
       Ossuary |   2141 |   2141 |      0 |   1540 |     69 |   1 | 2141.0 |
               +--------+--------+--------+--------+--------+-----+--------+

Top non-repeatable levels by time:
     D:6: 2229 daAuts
     D:7: 2145 daAuts
 Ossuary: 2141 daAuts
     D:4: 1836 daAuts
     D:2: 1595 daAuts
     D:8: 1505 daAuts
     D:3: 1217 daAuts
     D:1: 1182 daAuts
     D:5: 774 daAuts
     D:9: 522 daAuts
